 Dungeon Crawl Stone Soup version 0.30-a0-1016-gfb0d676c02 (webtiles) character file.

Game seed: 7946726625843242709

128 Demosthentine the Poker (level 4, -4/35 HPs)
             Began as a Demonspawn Gladiator on Apr 6, 2023.
             Splashed by a jelly's acid (8 damage)
             ... on level 3 of the Dungeon.
             The game lasted 00:01:54 (2747 turns).

Demosthentine the Poker (Demonspawn Gladiator)      Turns: 2747, Time: 00:01:55

Health: -4/35      AC: -7    Str: 16    XL:     4   Next: 86%
Magic:  4/4        EV: 12    Int:  9    God:
Gold:   165        SH:  0    Dex: 15    Spells: 3/3 levels left

rFire   . . .      SeeInvis +    a - +1 trident
rCold   . . .      Faith    .    (no shield)
rNeg    . . .      Spirit   .    b - +0 leather armour
rPois   .          Reflect  .    (helmet restricted)
rElec   .          Rampage  .    (no cloak)
rCorr   .                        (no gloves)
Will    +....                    p - +0 pair of boots of Claustrophobia {Will+ SInv}
Stlth   +                        (no amulet)
HPRegen 0.25/turn                (no ring)
MPRegen 0.09/turn                (no ring)

@: corroded
A: antennae 1, ignite blood 1, powered by death 1
a: no special abilities


You were on level 3 of the Dungeon.
You visited 1 branch of the dungeon, and saw 3 of its levels.

You collected 165 gold pieces.

Inventory:

Hand Weapons
 a - a +1 trident (weapon)
Missiles
 d - 2 throwing nets (quivered)
 e - a javelin
Armour
 b - a +0 leather armour (worn)
 p - the +0 pair of boots of Claustrophobia (worn) {Will+ SInv}
   (You found it on level 3 of the Dungeon)

   SInv:      It lets you see invisible.
   Will:      It increases your willpower.
Wands
 n - a wand of flame (5)
Scrolls
 c - a scroll of fog
 h - a scroll of noise {unknown}
 i - 2 scrolls of amnesia
 k - a scroll of enchant weapon
 m - a scroll of torment {unknown}
Potions
 f - 2 potions of curing
 g - a potion of resistance
 j - 2 potions of cancellation {unknown}
 l - 2 potions of magic {unknown}
 o - a potion of ambrosia {unknown}


   Skills:
 + Level 3.0 Fighting
 + Level 3.4 Polearms
 - Level 1.7 Throwing
 + Level 1.9 Armour
 + Level 3.3 Dodging


You had 3 spell levels left.
You didn't know any spells.
Your spell library was empty.

Dungeon Overview and Level Annotations

Branches:
Dungeon (3/15)

Altars:
Gozag


Innate Abilities, Weirdness & Mutations

You have a pair of small antennae on your head.
Your demonic aura sometimes causes spilled blood to erupt in flames.
You regenerate a little health from kills.


Message History

Found two bat skeletons and a hobgoblin skeleton.
An endoplasm is nearby! 2 jellies and 6 endoplasms come into view.
Found five items.
The endoplasm quivers. x3
There is an open door here.
You reach to attack!
You hit the endoplasm.
The endoplasm is moderately wounded.
The endoplasm hits you but does no damage.
You completely miss the endoplasm.
The endoplasm is moderately wounded.
The endoplasm hits you.
You hit the endoplasm.
You kill the endoplasm!
You barely miss the endoplasm. You hit the jelly. The acid corrodes you!
Your hands burn!
The jelly is moderately wounded.
You hit the jelly but do no damage.
Your hands burn!
The jelly is moderately wounded.
The jelly completely misses you.
You puncture the jelly!
Your hands burn!
The jelly is severely wounded.
The jelly barely misses you.
You hit the jelly but do no damage. The acid corrodes you!
Your hands burn!
The jelly is severely wounded.
The jelly barely misses you.
You hit the jelly.
Your hands burn!
The jelly is almost dead.
The jelly hits you. The acid corrodes you!
You are splashed with acid.
The endoplasm jiggles.
You are too injured to fight recklessly!
You are too injured to fight recklessly!
You barely miss the jelly.
The jelly is almost dead.
The jelly hits you.
You are splashed with acid!
* * * LOW HITPOINT WARNING * * *
The jelly hits you.
* * * LOW HITPOINT WARNING * * *
You are splashed with acid!
You die...

.♣#######
################ P♣
/..÷...P.# P♣
JP.P.P÷P.# ♣
J..PJP...#
....J.J.÷#
..J..P..÷#
.J...J{J÷# #######
#######J#
#.....###...).@##
###.######.########
........###..'....#
.##.....######....#
.##..###.##.......#
♣.♣..# #.##.......#
..#.####.##.......#
♣.♣......##.......#
..######.###.....##


You could see a jelly and an endoplasm.

Vanquished Creatures
  Robin (D:2)
  A gnoll (D:1)
  2 adders
  2 dart slugs
  An orc (D:3)
  6 bats
  3 endoplasms
  3 giant cockroaches (D:1)
  10 goblins
  6 hobgoblins
  6 jackals
  17 kobolds
  8 quokkas
  3 ball pythons
  2 frilled lizards (D:1)
  7 rats
78 creatures vanquished.

Vanquished Creatures (others)
  3 plants (D:3)
  8 toadstools (D:3)
11 creatures vanquished.

Grand Total: 89 creatures vanquished

Notes
Turn   | Place    | Note
-------+----------+-------------------------------------------
     0 | D:1      | Demosthentine the Demonspawn Gladiator began the quest for
                  | the Orb.
     0 | D:1      | Reached XP level 1. HP: 16/16 MP: 1/1
   103 | D:1      | Gained mutation: Your demonic aura sometimes causes spilled
                  | blood to erupt in flames. [demonic ancestry]
   103 | D:1      | Reached XP level 2. HP: 21/22 MP: 2/2
   298 | D:1      | Reached skill level 1 in Armour
   394 | D:1      | Gained mutation: You have a pair of small antennae on your
                  | head. [demonic ancestry]
   394 | D:1      | Reached XP level 3. HP: 28/28 MP: 3/3
  1350 | D:2      | Noticed Robin
  1353 | D:2      | Killed Robin
  1354 | D:2      | Gained mutation: You regenerate a little health from kills.
                  | [demonic ancestry]
  1354 | D:2      | Reached XP level 4. HP: 31/34 MP: 4/4
  2509 | D:3      | Found an opulent altar of Gozag.
  2704 | D:3      | Identified the +0 pair of boots of Claustrophobia {Will+
                  | SInv}
  2747 | D:3      | Splashed by a jelly's acid

Illustrated notes

Levels and vault maps discovered:
D:1:      tarquinn_simple_flora_water_f, layout_loops_corners
D:2:      layout_loops_ring, minmay_misc_feat_rugged, uniq_robin
D:3:      cheibrodos_fertilizer, layout_loops_corners,
          mainiacjoe_overflow_small_starburst, serial_forest,
          infiniplex_forest_lined_3_way, infiniplex_forest_side_room,
          infiniplex_forest_end_3, infiniplex_forest_clump_medium,
          infiniplex_forest_lined_corner, infiniplex_forest_diagonal,
          infiniplex_forest_zigzag_1

Skill      XL: |  1  2  3  4 |
---------------+-------------+-----
Polearms       | 3 |  3.4
Armour         | 1 |  1.9
Dodging        | 3 |  3.3
Fighting       | 3 |  3.0
Throwing       | |  1.7

Action                     |  1- 3 |  4- 6 || total
---------------------------+-------+-------++-------
  Melee: Trident           |   118 |   108 ||   226
         Punch             |     3 |       ||     3
  Throw: Throwing net      |     1 |       ||     1
    Use: Scroll            |     6 |     2 ||     8
   Stab: Held in net/web   |     1 |       ||     1
         Sleeping          |       |     2 ||     2
 Armour: Leather armour    |    26 |    13 ||    39
  Dodge: Dodged            |    73 |    59 ||   132

Table legend: (Time is in decaauts)
 A = Elapsed time spent in this place.
 B = Non-inter-level travel time spent in this place.
 C = Inter-level travel time spent in this place.
 D = Time resting spent in this place.
 E = Time spent auto-exploring this place.
 F = Levels seen in this place.
 G = Mean time per level.
                   A        B        C        D        E       F      G
               +--------+--------+--------+--------+--------+-----+--------+
         Total |   2778 |   2686 |     92 |    261 |   1957 |   3 |  926.0 |
       Dungeon |   2778 |   2686 |     92 |    261 |   1957 |   3 |  926.0 |
               +--------+--------+--------+--------+--------+-----+--------+

Top non-repeatable levels by time:
     D:1: 1280 daAuts
     D:3: 882 daAuts
     D:2: 615 daAuts
